 Dungeon Crawl Stone Soup version 0.30-a0-118-ga018f8e90f (webtiles) character file.

Game seed: 9619310814097534714

9261 SigmundSlayer the Frost Mage (level 11, -4/94 HPs)
             Began as a Naga Ice Elementalist on Sept 13, 2022.
             Slain by an ancient zyme (5 damage)
             ... on level 2 of the Abyss.
             The game lasted 00:23:27 (14198 turns).

SigmundSlayer the Frost Mage (NaIE)                Turns: 14198, Time: 00:23:27

Health: -4/94      AC: 21    Str: 12      XL:     11   Next: 43%
Magic:  22/22      EV:  9    Int: 15 (18) God:
Gold:   501        SH:  5    Dex: 12      Spells: 14/25 levels left

rFire   . . .      SeeInvis +    b - staff of cold
rCold   + . .      Faith    .    (no shield)
rNeg    . . .      Spirit   .    c - +2 chain mail {rPois}
rPois   +          Reflect  +    d - +2 hood of the Assassin {Detection Stab+ Stlth++}
rElec   .          Harm     .    v - +1 cloak
rCorr   .          Rampage  .    A - +0 pair of gloves
Will    +....                    (no barding)
Stlth   +.........               u - amulet of reflection
HPRegen 0.00/turn                r - +4 ring of evasion
MPRegen 0.18/turn                t - +4 ring of protection

@: sick, very slow
A: AC +3, large, see invisible, deformed body, poison resistance, slowness 2,
spit poison 1, naga tail 1
a: Spit Poison


You were on level 2 of the Abyss.
You visited 2 branches of the dungeon, and saw 11 of its levels.
You visited the Abyss 1 time.
You also visited: Ossuary.

You collected 501 gold pieces.

Inventory:

Hand Weapons
 a - a +4 dagger of venom
Missiles
 y - a throwing net
Armour
 c - a +2 chain mail of poison resistance (worn)
 d - the +2 hood of the Assassin (worn) {Detection Stab+ Stlth++}
   (You found it on level 9 of the Dungeon)

   It allows the wearer to sense nearby creatures.
   It allows the wearer to make particularly effective stabbing attacks against
   helpless or unaware enemies with any weapon.
   Stlth:     It makes you much more stealthy.
 o - a +1 helmet
 v - a +1 cloak (worn)
 A - a +0 pair of gloves (worn)
Magical Staves
 b - a staff of cold (weapon)
Jewellery
 n - a +4 ring of evasion
 r - a +4 ring of evasion (left hand)
 t - a +4 ring of protection (right hand)
 u - an amulet of reflection (around neck)
 w - a ring of willpower
Wands
 h - a wand of charming (7)
 p - a wand of flame (22)
 z - a wand of polymorph (12)
Scrolls
 f - 2 scrolls of identify
 k - 2 scrolls of poison
Potions
 g - 2 potions of heal wounds
 m - 6 potions of magic
 x - a potion of cancellation
Miscellaneous
 e - a lightning rod (2/4)
 j - a tin of tremorstones (inert)


   Skills:
 - Level 5.0 Fighting
 - Level 1.0 Short Blades
 - Level 4.0 Staves
 + Level 6.4 Armour
 + Level 6.6 Dodging
 - Level 3.0 Stealth
 + Level 7.5 Spellcasting
 + Level 4.3 Conjurations
 + Level 8.9 Ice Magic


You had 14 spell levels left.
You knew the following spells:

 Your Spells              Type           Power      Damage    Failure   Level
a - Freeze                Ice            100%       1d11      9%          1
b - Frozen Ramparts       Ice            96%        1d15      26%         3
c - Ozocubu's Armour      Ice            48%        N/A       26%         3
d - Hailstorm             Conj/Ice       38%        3d9       93%         4

Your spell library contained the following spells:

 Spells                   Type           Power      Damage    Failure   Level
 Magic Dart               Conj           72%        1d6       52%         1
 Slow                     Hex            20%        N/A       98%         1
 Sting                    Tmut/Pois      20%        1d4       98%         1
 Blink                    Tloc           10%        N/A       99%         2
 Call Imp                 Summ           5%         N/A       99%         2
 Poisonous Vapours        Pois/Air       10%        N/A       99%         2
 Dazzling Flash           Conj/Hex       24%        N/A       99%         3
 Mephitic Cloud           Conj/Pois/Air  9%         N/A       99%         3
 Ice Form                 Ice/Tmut       28%        N/A       99%         4
 Summon Ice Beast         Ice/Summ       28%        N/A       99%         4
 Call Canine Familiar     Summ           5%         N/A       100%        3
 Confusing Touch          Hex            5%         N/A       100%        3
 Lesser Beckoning         Tloc           5%         N/A       100%        3
 Portal Projectile        Hex/Tloc       10%        N/A       100%        3
 Vampiric Draining        Necr           5%         2d6       100%        3
 Anguish                  Hex/Necr       2%         N/A       100%        4
 Iskenderun's Mystic Bla  Conj/Tloc      12%        2d5       100%        4
 Leda's Liquefaction      Hex/Erth       2%         N/A       100%        4
 Manifold Assault         Tloc           5%         N/A       100%        4
 Olgreb's Toxic Radiance  Pois           5%         N/A       100%        4
 Freezing Cloud           Conj/Ice/Air   14%        6-21      100%        5
 Simulacrum               Ice/Necr       14%        N/A       100%        6
 Starburst                Conj/Fire      6%         6d4       100%        6
 Enfeeble                 Hex            2%         N/A       100%        7
 Polar Vortex             Ice            24%        N/A       100%        9


Dungeon Overview and Level Annotations

Branches:
Dungeon (10/15)            Temple (1/1) D:7         Ossuary (visited)
   Lair: D:8-11         Orc: D:9-12

Altars:
Ashenzari
Dithmenos
Elyvilon
Fedhas
Gozag
Hepliaklqana
Kikubaaqudgha
Nemelex Xobeh
Okawaru
Qazlal
Ru
Sif Muna
Trog
Uskayaw
Vehumet
Xom
Yredelemnul
Zin
The Shining One

Shops:
D:1 [   D:3 :

Portals:
Abyss: D:8

Annotations:
D:8 2 transporters, Misha's ghost, novice MfGl


Innate Abilities, Weirdness & Mutations

Your serpentine skin is tough. (AC +3)
You have supernaturally acute eyesight. (SInv)
Armour fits poorly on your strangely shaped body.
Your system is resistant to poisons. (rPois)
You cover ground very slowly.
You can spit poison.
You have a snake-like lower body.


Message History

Aim: a wizard, wielding a +0 dagger and wearing a +0 robe You feel a surge of power!
You freeze the wizard.
The wizard is lightly wounded.
The wizard gestures at you while chanting.
You are cast into the Abyss!
This branch contains the abyssal rune of Zot.
You have got your breath back.
A glowing orange brain comes into view.
Okay, then.
You feel yourself growing ill in the presence of the ancient zyme.
The glowing orange brain blinks!
You feel ill. The ancient zyme hits you!
* * * LOW HITPOINT WARNING * * *
You block the ancient zyme's attack.
The glowing orange brain blinks!
You block the ancient zyme's attack. The ancient zyme barely misses you.
You feel ill.
The ancient zyme attacks as you move away!
The ancient zyme closely misses you. The ancient zyme hits you!
* * * LOW HITPOINT WARNING * * *
You feel ill.
The glowing orange brain pulsates.
You feel dopey. Something feeds on your intellect!
The ancient zyme attacks as you move away!
The ancient zyme hits you.
* * * LOW HITPOINT WARNING * * *
The ancient zyme hits you!
* * * LOW HITPOINT WARNING * * *
The ancient zyme hits you but does no damage. x2
The ancient zyme attacks as you move away!
The ancient zyme completely misses you. The ancient zyme barely misses you.
The ancient zyme hits you but does no damage. x3
The ancient zyme hits you.
* * * LOW HITPOINT WARNING * * *
The ancient zyme attacks as you move away!
The ancient zyme barely misses you. The ancient zyme closely misses you.
The ancient zyme attacks as you move away!
The ancient zyme hits you.
You die...

### ##
#.####
#.##....#
#@x.#
#....#.# .#
.. ######G#
. ##..
#....# ..
... #
...##.....§
#.... ....
≈. .
..###....
..# ..#.
#.. ... .#.
. .
#........≈.


You could see an ancient zyme.

Vanquished Creatures
  A centaur warrior (D:9)
  2 death yaks (D:10)
  Amaemon (D:9)
  A cyclops (D:9)
  An orange demon (D:9)
  A freezing wraith (D:9)
  Psyche (D:9)
  3 trolls (D:9)
  A troll (shapeshifter) (D:9)
  4 yaks
  3 wyverns
  A fire bat (shapeshifter) (D:9)
  2 steam dragons
  An acid dragon (D:8)
  3 water moccasins
  3 orc warriors
  2 ice beasts
  2 sky beasts
  An ogre (D:2)
  4 centaurs
  A phantom (D:6)
  3 kobold brigands
  2 elf zombies (Ossuary)
  4 bullfrogs
  A gnoll sergeant (D:6)
  2 scorpions
  3 killer bees (D:9)
  2 howler monkeys
  3 orc priests
  A gnoll bouda (D:7)
  9 hounds
  2 human zombies (Ossuary)
  5 orc wizards
  3 iguanas
  A hound zombie (Ossuary)
  3 mummies (Ossuary)
  9 gnolls
  7 adders
  A shadow imp (D:6)
  2 white imps
  A howler monkey simulacrum (D:9)
  An ufetubus (D:4)
  4 adder zombies (Ossuary)
  3 dart slugs (D:1)
  24 orcs
  A ball python (D:2)
  7 endoplasms
  2 giant cockroaches
  3 gnoll zombies (Ossuary)
  8 hobgoblins
  12 kobolds
  4 quokkas
  7 bats
  A frilled lizard (D:2)
  7 goblins
  4 goblin zombies (Ossuary)
  4 hobgoblin zombies (Ossuary)
  3 jackal zombies (Ossuary)
  3 kobold zombies (Ossuary)
  2 orc zombies (Ossuary)
  7 quokka zombies (Ossuary)
  5 rats
215 creatures vanquished.

Vanquished Creatures (others)
  A two-headed ogre (D:9)
1 creature vanquished.

Grand Total: 216 creatures vanquished

Notes
Turn   | Place    | Note
-------+----------+-------------------------------------------
     0 | D:1      | SigmundSlayer the Naga Ice Elementalist began the quest for
                  | the Orb.
     0 | D:1      | Reached XP level 1. HP: 15/15 MP: 3/3
   431 | D:1      | Reached XP level 2. HP: 22/22 MP: 3/5
   779 | D:1      | Found Okhlef's Armour Boutique.
  1451 | D:2      | Reached XP level 3. HP: 24/28 MP: 3/6
  1511 | D:2      | Noticed an ogre
  1517 | D:2      | Killed an ogre
  1518 | D:2      | Reached skill level 1 in Armour
  1518 | D:2      | Reached XP level 4. HP: 6/36 MP: 1/8
  1924 | D:2      | Reached XP level 5. HP: 34/42 MP: 9/9
  2126 | D:2      | Found a hide-covered altar of Uskayaw.
  3211 | D:3      | Found a sacrificial altar of Ru.
  3263 | D:3      | Found Erhitz's Book Boutique.
  3500 | D:3      | Learned a level 3 spell: Frozen Ramparts
  3586 | D:3      | Found a faded altar of an unknown god.
  3809 | D:4      | Found a sand-covered staircase.
  3820 | Ossuary  | Entered an ossuary
  4166 | Ossuary  | Reached XP level 6. HP: 47/50 MP: 10/10
  4257 | Ossuary  | Reached skill level 1 in Fighting
  4290 | Ossuary  | Reached skill level 1 in Short Blades
  4538 | Ossuary  | Reached skill level 5 in Ice Magic
  4696 | Ossuary  | Reached XP level 7. HP: 29/57 MP: 12/12
  5151 | D:4      | Learned a level 3 spell: Ozocubu's Armour
  5647 | D:5      | Entered Level 5 of the Dungeon
  5871 | D:5      | Found a blossoming altar of Fedhas.
  6143 | D:5      | Reached skill level 1 in Staves
  6512 | D:5      | Reached XP level 8. HP: 66/66 MP: 8/14
  7219 | D:6      | Reached skill level 6 in Ice Magic
  7540 | D:6      | Noticed a yak
  7555 | D:6      | Killed a yak
  7699 | D:6      | Noticed a yak
  7700 | D:6      | Noticed a yak
  7711 | D:6      | Killed a yak
  7713 | D:6      | Killed a yak
  7714 | D:6      | Reached XP level 9. HP: 44/76 MP: 10/16
  7718 | D:6      | Reached skill level 5 in Spellcasting
  9075 | D:7      | Found a staircase to the Ecumenical Temple.
  9081 | Temple   | Entered the Ecumenical Temple
  9768 | D:7      | Reached skill level 7 in Ice Magic
  9970 | D:7      | Found a shimmering blue altar of Sif Muna.
 10085 | D:7      | Found a bloodstained altar of Trog.
 10085 | D:7      | Found an iron altar of Okawaru.
 10207 | D:8      | Reached skill level 5 in Dodging
 10611 | D:8      | Found a transporter.
 10651 | D:8      | Found an opulent altar of Gozag.
 10700 | D:8      | Found a transporter.
 10751 | D:8      | Found a one-way gate to the infinite horrors of the Abyss.
 10751 | D:8      | Noticed Misha's ghost (novice MfGl)
 10751 | D:8      | Noticed an orange demon
 10988 | D:8      | Reached XP level 10. HP: 85/85 MP: 11/18
 11094 | D:8      | Reached skill level 5 in Armour
 11579 | D:9      | Learned a level 4 spell: Hailstorm
 11601 | D:9      | Noticed Psyche
 11610 | D:9      | Killed Psyche
 11701 | D:9      | Reached skill level 1 in Conjurations
 11767 | D:9      | Noticed an orange demon
 11767 | D:9      | Noticed Amaemon
 11781 | D:9      | Killed Amaemon
 11782 | D:9      | Killed an orange demon
 11783 | D:9      | Reached skill level 8 in Ice Magic
 11985 | D:9      | Noticed a centaur warrior
 11987 | D:9      | Noticed a two-headed ogre
 12002 | D:9      | Killed a centaur warrior
 12003 | D:9      | Reached skill level 5 in Fighting
 12238 | D:9      | Reached XP level 11. HP: 27/94 MP: 15/21
 12533 | D:9      | Noticed a cyclops
 12553 | D:9      | Killed a cyclops
 12690 | D:9      | Found the +2 hood of the Assassin {Detection Stab+ Stlth++}
 12965 | D:9      | Found a runed translucent door.
 12968 | D:9      | Noticed a skeletal warrior
 13977 | D:10     | Entered Level 10 of the Dungeon
 14039 | D:10     | Noticed a death yak
 14039 | D:10     | Noticed a death yak
 14039 | D:10     | Noticed a death yak
 14039 | D:10     | Noticed a death yak
 14053 | D:10     | Noticed a death yak
 14053 | D:10     | Noticed a death yak
 14054 | D:10     | Noticed a death yak
 14056 | D:10     | Killed a death yak
 14056 | D:10     | Killed a death yak
 14058 | D:10     | Noticed a death yak
 14059 | D:10     | Noticed a death yak
 14061 | D:10     | Noticed an orc sorcerer
 14151 | D:10     | Noticed a wizard
 14155 | Abyss:2  | Cast into level 2 of the Abyss (a wizard)
 14179 | Abyss:2  | Noticed a glowing orange brain
 14193 | Abyss:2  | Noticed a thrashing horror
 14196 | Abyss:2  | HP: 1/94 [ancient zyme (4)]
 14198 | Abyss:2  | Slain by an ancient zyme

Illustrated notes

Levels and vault maps discovered:
D:1:      erik_arrival_triangle_small, layout_loops_corners, serial_shops, shop
D:2:      layout_loops_corners, basic_altar
D:3:      layout_basic, mainiacjoe_overflow_tiny_flanked, serial_shops,
          nicolae_shop_stone, hellmonk_ecumenical_altar_run_dry,
          chequers_serial_rivers_room_b
D:4:      layout_loops_cross, lightli_ossuary_entry_decrepit_ruins
D:5:      layout_layer_cave, fedhas_ov_isle_minmay, minmay_misc_feat_cross
D:6:      nicolae_cairo_tiling_large_dashed, layout_loops_cross
D:7:      layout_basic, nicolae_sif_muna_little_library,
          grunt_temple_overflow_bloody_war, minmay_temple_entry_hall,
          chequers_garden, lightli_minifort
D:8:      layout_basic, nicolae_gozag_cash_rules_everything_around_me,
          gammafunk_ghost_abyssal_escape, nrook_uturn
D:9:      minmay_the_grid_four_pointed_star
          [minmay_the_grid_triangle_9x9_subtriangle,
          minmay_the_grid_triangle_9x9_corruption,
          minmay_the_grid_triangle_9x9_sprig,
          minmay_the_grid_triangle_9x9_semitri,
          minmay_the_grid_prize_shrinking_boxes], layout_loops_cross,
          uniq_amaemon, uniq_psyche
D:10:     cheibrodos_wizards_tower, layout_cave_pools, kennysheep_mini,
          minitemple, dpeg_lair_monsters, orc_0_dummy
Temple:   nicolae_temple_ecumenical_triangle
Abyss:2:  base: D:8, hangedman_decor_lopped, hangedman_decor_lopped

Skill      XL: |  1  2  3  4  5  6  7  8  9 10 11 |
---------------+----------------------------------+-----
Armour         | 1 2 3 4 5 6 |  6.4
Dodging        | 2 3 4 5 6 |  6.6
Spellcasting   | 3 4 5 7 |  7.5
Fighting       | 1 3 4 5 |  5.0
Short Blades   | 1 |  1.0
Ice Magic      | 5 6 7 8 |  8.9
Staves         | 1 3 4 |  4.0
Conjurations   | 3 4 |  4.3
Stealth        | |  3.0

Action                   |  1- 3 |  4- 6 |  7- 9 | 10-12 || total
-------------------------+-------+-------+-------+-------++-------
Melee: Short sword       |    19 |       |       |       ||    19
       Dagger            |       |   258 |   275 |   100 ||   633
       Punch             |       |     1 |     8 |     1 ||    10
       Staff             |       |       |    50 |    40 ||    90
 Cast: Freeze            |    23 |     6 |    53 |    25 ||   107
       Frozen Ramparts   |       |       |    13 |    17 ||    30
       Ozocubu's Armour  |       |       |     9 |    13 ||    22
       Hailstorm         |       |       |       |     1 ||     1
 Abil: Spit Poison       |     2 |     7 |     8 |     8 ||    25
Evoke: Wand              |       |       |       |    16 ||    16
       Lightning rod     |       |       |       |     2 ||     2
       Tin of tremorston |       |       |       |     2 ||     2
  Use: Scroll            |       |    12 |    10 |     6 ||    28
       Potion            |       |     1 |       |    17 ||    18
 Stab: Sleeping          |     2 |     3 |     4 |       ||     9
Armor: Robe              |     1 |       |       |       ||     1
       Leather armour    |     3 |   123 |   126 |     4 ||   256
       Ring mail         |       |       |       |    38 ||    38
       Skin              |       |       |       |    28 ||    28
       Chain mail        |       |       |       |   101 ||   101
Dodge: Dodged            |    14 |   121 |   216 |   116 ||   467
Block: Other             |       |       |    61 |    69 ||   130
       Reflection        |       |       |     1 |     5 ||     6

Table legend: (Time is in decaauts)
 A = Elapsed time spent in this place.
 B = Non-inter-level travel time spent in this place.
 C = Inter-level travel time spent in this place.
 D = Time resting spent in this place.
 E = Time spent auto-exploring this place.
 F = Levels seen in this place.
 G = Mean time per level.
                   A        B        C        D        E       F      G
               +--------+--------+--------+--------+--------+-----+--------+
         Total |  16967 |  16494 |    473 |   3851 |  10233 |  13 | 1305.2 |
       Dungeon |  15720 |  15247 |    473 |   3326 |   9873 |  10 | 1572.0 |
        Temple |     80 |     80 |      0 |      0 |     51 |   1 |   80.0 |
         Abyss |     59 |     59 |      0 |      0 |      0 |   1 |   59.0 |
       Ossuary |   1107 |   1107 |      0 |    525 |    308 |   1 | 1107.0 |
               +--------+--------+--------+--------+--------+-----+--------+

Top non-repeatable levels by time:
     D:9: 2819 daAuts
     D:2: 2032 daAuts
     D:5: 1915 daAuts
     D:6: 1907 daAuts
     D:1: 1792 daAuts
     D:7: 1679 daAuts
     D:8: 1537 daAuts
 Ossuary: 1107 daAuts
     D:4: 993 daAuts
     D:3: 865 daAuts
    D:10: 174 daAuts
  Temple: 80 daAuts
 Abyss:2: 59 daAuts
